 Dungeon Crawl Stone Soup version 0.31.0-9-g3a7656b989 (webtiles) character file.

Game seed: 17158368327567479505

71 qw the Shooter (level 4, -3/25 HPs)
             Began as a Deep Elf Hunter on Feb 2, 2024.
             Frozen to death by an endoplasm (4 damage)
             ... on level 2 of the Dungeon.
             The game lasted 00:00:04 (753 turns).

qw the Shooter (Deep Elf Hunter)                     Turns: 753, Time: 00:00:04

Health: -3/25      AC:  7    Str: 10    XL:     4   Next: 5%
Magic:  6/6        EV:  9    Int: 14    God:
Gold:   20         SH:  0    Dex: 18    Spells: 3/3 levels left

rFire   . . .        a - +0 shortbow
rCold   . . .        (shield currently unavailable)
rNeg    . . .        c - +0 leather armour
rPois   .            (no helmet)
rElec   .            (no cloak)
rCorr   .            h - +1 pair of gloves
SInv    .            i - +1 pair of boots
Will    .....        (no amulet)
Stlth   ++           (no ring)
HPRegen 0.24/turn    (no ring)
MPRegen 0.10/turn

%: no passive effects
@: constricted
A: no striking features
a: no special abilities


You were on level 2 of the Dungeon.
You visited 1 branch of the dungeon, and saw 2 of its levels.

You collected 78 gold pieces.
You spent 58 gold pieces at shops.


   Skills:
 - Level 1.5 Fighting
 + Level 7.5 Ranged Weapons
 - Level 2.4 Dodging
 - Level 1.2 Stealth


You had 3 spell levels left.
You didn't know any spells.
Your spell library was empty.

Inventory:

Hand Weapons
 a - a +0 shortbow (weapon)
Armour
 c - a +0 leather armour (worn)
 h - a +1 pair of gloves (worn)
 i - a +1 pair of boots (worn)
Jewellery
 b - a ring of magical power
Potions
 d - 3 potions of curing
 f - a potion of brilliance {unknown}
 j - a potion of might {unknown}

Dungeon Overview and Level Annotations

Branches:
Dungeon (2/15)

Altars:

Shops:
D:1 (*[


Message History

The rat closely misses you. The endoplasm freezes you.
You are frozen.
The ball python bites you but does no damage.
The ball python constricts you.
You shoot an arrow.
The arrow closely misses the ball python.
The rat barely misses you.
The endoplasm hits you but does no damage.
An endoplasm comes into view.
The ball python bites you but does no damage.
The ball python constricts you.
You shoot an arrow.
The arrow closely misses the ball python.
The endoplasm quivers.
The rat bites you but does no damage. The endoplasm freezes you.
You are frozen.
The ball python barely misses you. The ball python constricts you.
You shoot an arrow.
The arrow barely misses the ball python.
The ball python bites you but does no damage.
The ball python constricts you. The rat completely misses you.
The endoplasm freezes you.
You are frozen.
The ball python bites you but does no damage.
The ball python constricts you.
You shoot an arrow.
The arrow barely misses the ball python.
The rat barely misses you. The endoplasm hits you.
The ball python bites you but does no damage.
The ball python constricts you. The rat bites you but does no damage.
The endoplasm hits you but does no damage.
You shoot an arrow.
The arrow closely misses the ball python.
The ball python bites you but does no damage.
The ball python constricts you. The rat bites you. The endoplasm freezes you.
You are frozen.
You die...

#
#......#...)...#
#.
#.......########
.#.##.##.####.##
..............#
......#.####...#
#..#. #.# #...#
# .. #.# #...#
.# #.# #...# .
#@# #...#
.....JrSJ......
#.........>....
#..#.##.?......
#.... #.####...
... #.# .. #..
.># . ..# ###


You could see 2 endoplasms, a ball python and a rat.

Vanquished Creatures
  A hound (D:2)
  2 dart slugs (D:1)
  5 ball pythons
  5 endoplasms (D:1)
  2 giant cockroaches
  5 goblins
  A hobgoblin (D:1)
  3 kobolds (D:1)
  A quokka (D:1)
  3 bats
  4 frilled lizards (D:1)
  2 rats (D:1)
34 creatures vanquished.

Notes
Turn   | Place    | Note
-------+----------+-------------------------------------------
     0 | D:1      | qw the Deep Elf Hunter began the quest for the Orb.
     0 | D:1      | Reached XP level 1. HP: 12/12 MP: 3/3
     0 | D:1      | 0 ||| qw: Version: 0.3-a-155-g5e7d8dd
     0 | D:1      | 0 ||| qw: Game counter: 597
     0 | D:1      | 0 ||| qw: Melee chars always use a shield: true
     0 | D:1      | 0 ||| qw: God list: Okawaru
     0 | D:1      | 0 ||| qw: Allow faded altars: false
     0 | D:1      | 0 ||| qw: Do Orc after clearing Dungeon:15 true
     0 | D:1      | 0 ||| qw: Do second Lair branch before Depths: true
     0 | D:1      | 0 ||| qw: Lair rune preference: random
     0 | D:1      | 0 ||| qw: Goals: Normal
     0 | D:1      | 0 ||| PLANNING D:1-11
    56 | D:1      | Found Hunua's Antique Armour Shoppe.
    65 | D:1      | 65 ||| SHOPLISTING glowing scale mail (210 gold, have 39).
    65 | D:1      | 65 ||| SHOPLISTING ring mail (120 gold, have 39).
    81 | D:1      | Reached XP level 2. HP: 16/16 MP: 4/4
    85 | D:1      | Reached skill level 6 in Ranged Weapons
   233 | D:1      | Found Rid Pi Rai's Assorted Antiques.
   257 | D:1      | 257 ||| BUYING inky potion (29 gold).
   257 | D:1      | Bought an inky potion for 29 gold pieces
   257 | D:1      | 257 ||| BUYING purple potion (29 gold).
   257 | D:1      | Bought a purple potion for 29 gold pieces
   257 | D:1      | 257 ||| SHOPLISTING scroll labelled LEC CIS ETI (33 gold,
                  | have 1).
   257 | D:1      | 257 ||| SHOPLISTING scroll labelled NEOPOI HEQ DANWYN (33
                  | gold, have 1).
   257 | D:1      | 257 ||| SHOPLISTING scroll labelled SID INOTRALOUS (33
                  | gold, have 1).
   293 | D:1      | Reached XP level 3. HP: 20/20 MP: 5/5
   323 | D:1      | Found Xomaemp's Weapon Shoppe.
   338 | D:1      | 338 ||| SHOPLISTING +4 orcbow "Killer Bee's Curse" {speed,
                  | rElec rF+ Int+2} (612 gold, have 17).
   489 | D:1      | 489 ||| UPGRADING to +0 pair of gloves.
   494 | D:1      | 494 ||| UPGRADING to +1 pair of boots.
   499 | D:1      | 499 ||| READING scroll labelled GAFUFU DOACE.
   600 | D:1      | 600 ||| READING scroll labelled DUCEGAPLEK.
   600 | D:1      | 600 ||| ENCHANTING +0 pair of gloves.
   601 | D:1      | 601 ||| DRINKING 4 purple potions.
   602 | D:1      | 602 ||| DROPPING scroll of butterflies.
   663 | D:2      | Reached skill level 7 in Ranged Weapons
   663 | D:2      | Reached XP level 4. HP: 25/25 MP: 6/6
   751 | D:2      | HP: 6/25 [frozen (2)]
   753 | D:2      | HP: 2/25 [constriction (1)]
   753 | D:2      | Frozen to death by an endoplasm

Levels and vault maps discovered:
D:1:      orjb1_lava_funnel, layout_rooms, serial_shops, nicolae_diamond_shop,
          shop, shop, minmay_misc_feat_tiny, minmay_quantized
D:2:      layout_loops_cross

Skill      XL: |  1  2  3 |
---------------+----------+-----
Ranged Weapons | 6 7 |  7.5
Fighting       | |  1.5
Dodging        | |  2.4
Stealth        | |  1.2

Action                     |  1- 3 |  4- 6 || total
---------------------------+-------+-------++-------
   Fire: Shortbow          |    85 |    16 ||   101
    Use: Scroll            |     2 |       ||     2
         Potion            |     1 |       ||     1
 Armour: Leather armour    |    17 |    20 ||    37
  Dodge: Dodged            |    18 |    21 ||    39

Table legend:
 A = Non-vault XP
 B = Vault XP
 C = Vault XP percentage of total XP
 D = Non-vault monster count
 E = Vault monster count
 F = Vault count percentage of total count
                 A         B        C        D         E       F
            +---------+---------+-------+---------+---------+-------
      Total |      92 |      10 |   9.8 |      28 |       6 |  17.6
            +---------+---------+-------+---------+---------+-------
        D:1 |      41 |      10 |  19.6 |      23 |       6 |  20.7
        D:2 |      51 |       0 |   0.0 |       5 |       0 |   0.0
            +---------+---------+-------+---------+---------+-------
